 Seeded DCSS version 0.30.1-9-gdf580d7c3d (webtiles) character file.

Game seed: 5 (custom seed)

2538 Kazon the Chopper (level 9, -14/68 HPs)
             Began as a Human Fighter on Sept 27, 2023.
             Was an Elder of the Shining One.
             Demolished by a two-headed ogre
             ... wielding a +0 giant spiked club
              (20 damage)
             ... on level 7 of the Dungeon.
             The game lasted 00:21:24 (4638 turns).

Kazon the Chopper (Human Fighter)                   Turns: 4638, Time: 00:21:24

Health: -14/68     AC: 12    Str: 21    XL:     9   Next: 85%
Magic:  0/21       EV: 11    Int: 11    God:    the Shining One [****..]
Gold:   342        SH:  6    Dex: 19    Spells: 8/8 levels left

rFire   . . .        f - +0 hand axe (flame)
rCold   . . .        c - +0 buckler
rNeg    + + .        b - +0 scale mail
rPois   .            m - +0 helmet
rElec   .            (no cloak)
rCorr   .            H - +0 pair of gloves
SInv    .            e - +1 pair of boots of the Swamp {Regen+ Int+3}
Will    .....        C - amulet of guardian spirit Stlth
                     s - ring of magical power
HPRegen 1.11/turn    z - +6 ring of dexterity
MPRegen 0.17/turn

%: guardian spirit
@: glowing
A: no striking features
a: Renounce Religion, Divine Shield, Cleansing Flame


You were on level 7 of the Dungeon.
You worshipped the Shining One.
The Shining One was greatly pleased with you.
You visited 2 branches of the dungeon, and saw 8 of its levels.
You also visited: Ossuary.

You collected 342 gold pieces.

Inventory:

Hand Weapons
 a - a +0 war axe
 f - a +0 hand axe of flaming (weapon)
 h - a +2 dagger of holy wrath
Missiles
 j - 4 boomerangs (quivered)
 q - 4 poisoned darts
Armour
 b - a +0 scale mail (worn)
 c - a +0 buckler (worn)
 e - the +1 pair of boots of the Swamp (worn) {Regen+ Int+3}
   (You acquired it on level 1 of the Dungeon)

   Int:       It affects your intelligence (+3).
   Regen:     It increases your rate of health regeneration.
 i - a +0 tower shield
 m - a +0 helmet (worn)
 H - a +0 pair of gloves (worn)
Jewellery
 s - a ring of magical power (left hand)
 z - a +6 ring of dexterity (right hand)
 C - an amulet of guardian spirit (around neck)
Wands
 x - a wand of paralysis (8)
Scrolls
 g - a scroll of fog {unknown}
 l - a scroll of teleportation
 n - a scroll of blinking {unknown}
 o - 4 scrolls of identify {unknown}
 p - 2 scrolls of magic mapping {unknown}
 r - a scroll of torment {unknown}
 y - a scroll of amnesia {unknown}
 E - a scroll of poison {unknown}
 F - a scroll of enchant armour {unknown}
 I - a scroll of summoning
 L - a scroll of fear {unknown}
 M - a scroll of enchant weapon {unknown}
Potions
 d - a potion of might
 k - 5 potions of curing {unknown}
 t - 5 potions of flight {unknown}
 u - 2 potions of berserk rage {unknown}
 v - 2 potions of invisibility {unknown}
 A - 4 potions of heal wounds {unknown}
 B - a potion of lignification {unknown}
 D - 4 potions of attraction {unknown}
 G - a potion of resistance {unknown}
 J - a potion of haste {unknown}
 K - 2 potions of brilliance {unknown}


   Skills:
 + Level 5.2 Fighting
 + Level 1.6(2.1) Short Blades
 * Level 1.8(2.2) Long Blades
 + Level 6.3 Axes
 + Level 3.2 Throwing
 + Level 5.7 Armour
 + Level 2.4 Dodging
 + Level 4.4 Shields
 * Level 4.8 Invocations
 * Level 4.0 Evocations


You had 8 spell levels left.
You didn't know any spells.
Your spell library contained the following spells:

 Spells                   Type           Power      Damage    Failure   Level
 Frozen Ramparts          Ice            0%         1d1       97%         3
 Ignite Poison            Fire/Tmut/Pois 0%         N/A       97%         3
 Ice Form                 Ice/Tmut       0%         N/A       100%        4
 Sticky Flame             Conj/Fire      0%         2d3       100%        4
 Summon Ice Beast         Ice/Summ       0%         N/A       100%        4
 Summon Forest            Summ/Tloc      0%         N/A       100%        5
 Eringya's Noxious Bog    Tmut/Pois      0%         N/A       100%        6
 Summon Hydra             Summ           0%         N/A       100%        7
 Ignition                 Fire           0%         3d3       100%        8


Dungeon Overview and Level Annotations

Branches:
Dungeon (7/15)             Temple (1/1) D:4         Ossuary (visited)

Altars:
Dithmenos
Fedhas
Hepliaklqana
Qazlal
Trog
Wu Jian
Xom
The Shining One


Message History

The two-headed ogre is moderately wounded.
The two-headed ogre hits you with a +0 giant spiked club!!
You block the two-headed ogre's attack.
You hit the two-headed ogre. You burn the two-headed ogre.
The two-headed ogre is moderately wounded.
The two-headed ogre hits you with a +0 giant spiked club!
The two-headed ogre hits you with a +0 giant club.
You hit the two-headed ogre. You burn the two-headed ogre.
The two-headed ogre is moderately wounded.
The two-headed ogre hits you with a +0 giant spiked club.
You block the two-headed ogre's attack.
You hit the two-headed ogre. You burn the two-headed ogre.
The two-headed ogre is heavily wounded.
You hit the two-headed ogre. You burn the two-headed ogre.
The two-headed ogre is severely wounded.
The two-headed ogre hits you with a +0 giant spiked club!
The two-headed ogre misses you.
You hit the two-headed ogre. You burn the two-headed ogre.
The two-headed ogre is severely wounded.
The two-headed ogre barely misses you. x2
You hit the two-headed ogre but do no damage.
The two-headed ogre is severely wounded.
You hit the two-headed ogre but do no damage.
The two-headed ogre is severely wounded.
The two-headed ogre barely misses you. x2
You slash the two-headed ogre! You burn the two-headed ogre.
The two-headed ogre is almost dead.
The two-headed ogre hits you with a +0 giant spiked club!!
* * * LOW HITPOINT WARNING * * *
The two-headed ogre barely misses you.
You hit the two-headed ogre. You burn the two-headed ogre.
The two-headed ogre is almost dead.
You hit the two-headed ogre but do no damage.
The two-headed ogre is almost dead.
The two-headed ogre completely misses you.
The two-headed ogre hits you with a +0 giant club!!
* * * LOW HITPOINT WARNING * * *
The two-headed ogre attacks as you move away!
The two-headed ogre hits you with a +0 giant spiked club!!
You die...

########### ###### #.O<.......
#....# #y######### #.##.# #.#
#.##@# #y# #.##O# #.# #.##o# #y#
#.##.# #y# #####.##.# #y########
#####.....##.######.).......
#####...........................
......###.######.#.####.########
####### #.# ##.#.# #.#


You could see a two-headed ogre and an orc.

Vanquished Creatures
  Sigmund (D:4)
  Duvessa (D:6)
  A water moccasin (D:6)
  2 black bears (D:4)
  2 centaurs
  An ogre (D:5)
  An elf zombie (Ossuary)
  3 scorpions
  4 killer bees (D:7)
  3 wights (D:7)
  Dowan (D:6)
  A howler monkey (D:6)
  A vampire bat (D:7)
  4 hounds
  A centaur zombie (Ossuary)
  3 orc priests (D:6)
  3 human zombies (Ossuary)
  A jelly (D:5)
  6 iguanas
  4 orc wizards (D:6)
  4 ogre zombies (Ossuary)
  7 mummies (Ossuary)
  4 gnolls (D:5)
  8 adders
  A white imp (D:7)
  2 ufetubi
  A worm zombie (D:7)
  2 adder zombies (Ossuary)
  3 worms
  14 orcs
  12 bats
  9 endoplasms
  A giant cockroach (D:1)
  11 goblins
  7 hobgoblins
  11 jackals
  3 kobolds
  3 quokkas (D:4)
  6 ball pythons
  2 frilled lizards
  4 goblin zombies (Ossuary)
  6 hobgoblin zombies
  3 kobold zombies
  4 quokka zombies (Ossuary)
  4 rats
  4 rat zombies (Ossuary)
180 creatures vanquished.

Notes
Turn   | Place    | Note
-------+----------+-------------------------------------------
     0 | D:1      | Kazon the Human Fighter began the quest for the Orb.
     0 | D:1      | Reached XP level 1. HP: 18/18 MP: 1/1
    35 | D:1      | Identified a scroll of acquirement
    35 | D:1      | Acquired the +1 pair of boots of the Swamp {Regen+ Int+3}
    54 | D:1      | Reached XP level 2. HP: 24/24 MP: 2/2
   143 | D:1      | Reached XP level 3. HP: 29/29 MP: 3/3
   944 | D:2      | Reached XP level 4. HP: 35/35 MP: 4/4
   963 | D:2      | Reached skill level 3 in Axes
  1683 | D:3      | Found a blossoming altar of Fedhas.
  1703 | D:3      | Reached skill level 1 in Throwing
  1703 | D:3      | Reached XP level 5. HP: 41/41 MP: 5/5
  1853 | D:3      | Found a stormy altar of Qazlal.
  1951 | D:3      | Found a faded altar of an unknown god.
  2042 | D:3      | Identified the +2 sling "Qeuhanocyt" {speed, rElec Str-3
                  | Dex+2}
  2098 | D:4      | Found a staircase to the Ecumenical Temple.
  2106 | Temple   | Entered the Ecumenical Temple
  2113 | Temple   | Became a worshipper of the Shining One
  2171 | D:4      | Noticed a black bear
  2187 | D:4      | Killed a black bear
  2188 | D:4      | Reached skill level 1 in Invocations
  2188 | D:4      | Reached XP level 6. HP: 33/48 MP: 6/6
  2193 | D:4      | Found a hazy altar of Hepliaklqana.
  2194 | D:4      | Found a shadowy altar of Dithmenos.
  2194 | D:4      | Noticed a shadow
  2256 | D:4      | Noticed a black bear
  2264 | D:4      | Killed a black bear
  2265 | D:4      | Reached skill level 1 in Short Blades
  2438 | D:4      | Reached skill level 1 in Evocations
  2438 | D:4      | Reached XP level 7. HP: 47/53 MP: 8/8
  2580 | D:4      | Noticed Sigmund
  2595 | D:4      | Killed Sigmund
  2596 | D:4      | Reached skill level 4 in Axes
  2818 | D:5      | Entered Level 5 of the Dungeon
  2866 | D:5      | Reached skill level 1 in Dodging
  2978 | D:5      | Reached XP level 8. HP: 60/60 MP: 10/10
  3181 | D:5      | Reached skill level 5 in Armour
  3268 | D:6      | Noticed Dowan
  3269 | D:6      | Noticed Duvessa
  3282 | D:6      | Killed Duvessa
  3290 | D:6      | Killed Dowan
  3366 | D:6      | Reached skill level 5 in Axes
  3459 | D:6      | Reached * piety under the Shining One
  3470 | D:6      | Reached XP level 9. HP: 57/66 MP: 11/11
  3481 | D:6      | Found a shimmering altar of Xom.
  3770 | D:7      | Noticed a two-headed ogre
  3786 | D:7      | HP: 3/67 [two-headed ogre/+0 giant spiked club (10)]
  3832 | D:7      | Reached skill level 1 in Long Blades
  3931 | D:7      | Found a sand-covered staircase.
  3949 | Ossuary  | Entered an ossuary
  4028 | Ossuary  | Reached ** piety under the Shining One
  4146 | Ossuary  | Reached *** piety under the Shining One
  4160 | Ossuary  | Reached skill level 5 in Fighting
  4343 | Ossuary  | Reached **** piety under the Shining One
  4542 | D:7      | Reached skill level 6 in Axes
  4634 | D:7      | HP: 3/68 [two-headed ogre/+0 giant spiked club (15)]
  4638 | D:7      | Demolished by a two-headed ogre

Illustrated notes

Levels and vault maps discovered:
D:1:      ebering_trefoil_3fold, layout_basic, st_stairs_14, serial_bayou_ford_a
D:2:      layout_basic, hangedman_decor_growths, minmay_close_crescents
D:3:      layout_rooms, mainiacjoe_overflow_concentric_impassable,
          mainiacjoe_overflow_paths, shapermc_ecumenical_altar_acropolis,
          chequers_serial_rivers_micro_b
D:4:      layout_basic, riverfiend_overflow_shadow_ancestor,
          minmay_temple_entry_glass, uniq_sigmund
D:5:      layout_gridville
D:6:      layout_basic, xom_teletrap_fun, uniq_duvessa
D:7:      layout_loops_ring, enter_ossuary_3, roderic_batcave
Temple:   nicolae_temple_elliptical

Skill      XL: |  1  2  3  4  5  6  7  8  9 |
---------------+----------------------------+-----
Axes           | 3 4 5 6 |  6.3
Throwing       | 1 2 3 |  3.2
Invocations    | 1 2 3 4 |  4.8
Armour         | 4 5 |  5.7
Short Blades   | 1 |  1.6
Evocations     | 1 2 3 4 |  4.0
Fighting       | 4 5 |  5.2
Dodging        | 1 2 |  2.4
Shields        | 4 |  4.4
Long Blades    | 1 |  1.8

Action                     |  1- 3 |  4- 6 |  7- 9 || total
---------------------------+-------+-------+-------++-------
  Melee: War axe           |    97 |   120 |       ||   217
         Dagger            |       |    32 |       ||    32
         Hand axe          |       |    25 |   506 ||   531
  Throw: Stone             |     1 |    13 |    33 ||    47
         Dart              |       |     3 |    17 ||    20
         Boomerang         |       |       |    17 ||    17
 Invoke: Divine Shield     |       |       |     1 ||     1
    Use: Scroll            |     2 |     2 |       ||     4
         Potion            |     1 |       |       ||     1
 Armour: Scale mail        |    52 |    93 |   195 ||   340
  Dodge: Dodged            |    43 |    81 |   189 ||   313
  Block: Buckler           |    22 |    36 |   140 ||   198
